Map: Romanticide LE

Players

Clem - Winner!

  • Race: Terran Terran

ShoWTimE

  • Race: Protoss Protoss

Event: DreamHack SC2 Masters 2021 Winter

VOD

Have the link to the VOD?

Description

Time

  • Played on: Oct. 17, 2021, 12:17 p.m.
  • Length: 12:01

All games in this series

Show
View Real Time Build Order
Export as new Build Order

Clem Terran - Winner!

Build Orders: Reaper Expand 

Get SALT Encoding   

  12  0:01  SCV  
  13  0:13  SCV  
  14  0:17  Supply Depot  
  14  0:25  SCV  
  15  0:39  SCV  
  15  0:40  Barracks  
  16  0:43  Refinery  
  16  0:51  SCV  
  17  1:03  SCV  
  18  1:15  SCV  
  19  1:27  Orbital Command  
  19  1:28  Reaper  
  20  1:40  Command Center  
  20  1:51  Supply Depot  
  20  1:52  SCV  
  21  1:59  Marine  
  22  2:04  SCV  
  22  2:08  Factory  
  23  2:16  Bunker  
  23  2:17  SCV  
  23  2:20  Barracks Reactor  
  24  2:25  Refinery  
  24  2:29  SCV  
  25  2:41  SCV  
  26  2:51  Orbital Command  
  26  2:53  Starport, SCV  
  26  2:55  Marine x2  
  26  2:58  Widow Mine  
  31  3:05  SCV  
  32  3:16  Marine x2  
  32  3:17  SCV  
  32  3:18  SCV  
  32  3:19  Widow Mine  
  38  3:29  SCV  
  38  3:31  SCV  
  38  3:32  Supply Depot  
  42  3:35  Barracks  
  42  3:41  SCV, Marine x2  
  43  3:43  SCV  
  43  3:44  Factory Tech Lab  
  43  3:48  Viking  
  45  3:53  SCV, Barracks  
  45  3:55  SCV  
  47  4:00  Marine x2  
  49  4:05  SCV  
  49  4:07  SCV  
  49  4:08  Supply Depot  
  51  4:11  Engineering Bay  
  51  4:13  Factory Reactor  
  51  4:17  Marine  
  51  4:18  SCV, Marine  
  51  4:23  Starport Reactor  
  54  4:26  Refinery  
  54  4:28  Supply Depot  
  54  4:30  SCV x2  
  56  4:33  Stimpack, Marine  
  56  4:38  Terran Infantry Weapons Level 1  
  57  4:42  SCV x2  
  59  4:45  Barracks Tech Lab  
  59  4:48  Marine  
  59  4:49  Supply Depot, Marine  
  63  4:52  Widow Mine, Refinery  
  63  4:53  Widow Mine  
  63  4:54  SCV  
  63  4:56  SCV  
  63  4:58  Supply Depot  
  67  5:02  Medivac  
  69  5:08  SCV  
  69  5:10  Medivac  
  69  5:11  Supply Depot, SCV, Marine  
  74  5:14  Widow Mine  
  74  5:16  Widow Mine  
  74  5:20  Marine x3  
  81  5:25  SCV  
  81  5:26  Supply Depot  
  81  5:27  SCV  
  83  5:35  Medivac  
  85  5:36  Widow Mine  
  85  5:38  SCV  
  85  5:40  Medivac, Marine x2  
  92  5:46  Marauder  
  92  5:49  Marauder, Supply Depot  
  96  5:52  Widow Mine  
  96  5:54  Combat Shield  
  98  5:57  SCV x2  
  98  6:01  Widow Mine, Marine  
  102  6:11  Medivac, Command Center, Marine  
  105  6:13  Marauder  
  105  6:14  Widow Mine  
  105  6:18  Supply Depot  
  109  6:24  Medivac  
  108  6:31  Marine x2  
  110  6:35  Widow Mine  
  110  6:38  Supply Depot  
  110  6:39  Terran Infantry Armor Level 1  
  112  6:40  Marauder  
  112  6:41  Medivac  
  112  6:43  Marauder  
  108  6:49  Barracks  
  108  6:51  Barracks  
  108  6:54  Marine  
  108  6:55  Widow Mine  
  109  7:01  Marauder  
  109  7:03  Marine  
  109  7:04  Marauder  
  110  7:09  SCV  
  110  7:10  SCV  
  110  7:12  Marine  
  100  7:16  Widow Mine x2  
  100  7:17  Medivac  
  100  7:22  Marauder, Medivac  
  106  7:23  Supply Depot  
  106  7:25  Marauder  
  106  7:27  Orbital Command  
  106  7:29  SCV  
  109  7:30  SCV  
  109  7:33  Marine x2  
  112  7:38  Barracks Tech Lab, Barracks Reactor  
  112  7:39  Widow Mine x2  
  116  7:45  Marauder  
  116  7:47  SCV x2  
  116  7:51  Marine x2  
  119  7:55  SCV  
  119  7:58  Marauder x2  
  126  7:59  SCV x2  
  126  8:02  Armory  
  126  8:03  Engineering Bay  
  126  8:04  Widow Mine x2  
  132  8:07  SCV  
  132  8:10  Marine x2  
  132  8:11  Liberator, SCV  
  139  8:15  Liberator  
  139  8:16  SCV  
  139  8:17  Concussive Shells  
  139  8:19  SCV  
  144  8:20  Marine x2  
  144  8:22  Marauder  
  144  8:23  Marauder  
  144  8:24  SCV  
  144  8:26  Marauder  
  153  8:31  Marine x2  
  155  8:35  Refinery x2  
  155  8:37  Supply Depot  
  154  8:43  SCV  
  154  8:45  Command Center  
  154  8:47  Marine x2  
  155  8:52  Terran Infantry Weapons Level 2  
  155  8:53  Supply Depot  
  151  8:57  Terran Infantry Armor Level 2  
  151  8:59  Marine x2  
  151  9:04  SCV x3  
  151  9:09  Marine x2  
  154  9:10  Supply Depot  
  154  9:11  Marauder x2  
  154  9:16  Viking  
  160  9:18  Viking  
  160  9:19  Marine x2  
  164  9:28  Supply Depot  
  164  9:29  Marine  
  164  9:30  Marine  
  164  9:33  Marauder  
  164  9:35  Marauder  
  167  9:43  Widow Mine x2  
  167  9:44  Marine x2  
  175  9:45  Marauder  
  175  9:47  SCV, Marine  
  175  9:48  SCV  
  157  9:55  Marauder  
  157  9:56  Marauder, Viking x2, Marine  
  157  10:01  Ghost Academy  
  157  10:03  Terran Ship Weapons Level 1  
  157  10:04  SCV x3, Marine  
  161  10:09  Marine x2  
  161  10:12  Marauder  
  164  10:15  Widow Mine  
  164  10:16  Marauder, Widow Mine, Marine  
  164  10:20  Marauder  
  173  10:26  Marine  
  173  10:27  Marine  
  174  10:32  Planetary Fortress  
  174  10:33  Marine  
  174  10:35  Marauder  
  172  10:38  Marine  
  172  10:43  Marauder  
  172  10:45  Viking x2, Marine x2  
  172  10:47  SCV x2  
  172  10:48  Marine  
  177  10:55  SCV  
  177  10:56  Ghost, Barracks x2  
  180  10:57  Barracks  
  180  11:03  Ghost  
  182  11:06  SCV x2  
  182  11:07  SCV  
  185  11:15  Viking x2  
  185  11:17  Starport  
  189  11:19  Missile Turret  
  189  11:24  Command Center  
  187  11:31  Ghost x2  
  190  11:41  Marine  
  188  11:55  Barracks Tech Lab x2  
Show
View Real Time Build Order
Export as new Build Order

ShoWTimE Protoss 

Build Orders: 1 Gate Expand, Oracle Opening 

Get SALT Encoding   

  12  0:00  Probe  
  13  0:12  Probe  
  14  0:17  Pylon  
  14  0:24  Probe  
  15  0:35  Gateway  
  15  0:36  Probe (Chrono Boost)  
  16  0:46  Assimilator, Probe (Chrono Boost)  
  17  0:51  Probe (Chrono Boost)  
  18  1:03  Probe  
  19  1:15  Probe  
  20  1:21  Nexus  
  20  1:33  Cybernetics Core  
  20  1:34  Probe  
  20  1:39  Assimilator  
  21  1:46  Probe  
  22  1:49  Pylon  
  22  1:58  Probe  
  23  2:06  Adept (Chrono Boost)  
  23  2:10  Probe  
  26  2:18  Stargate  
  27  2:22  Probe (Chrono Boost)  
  27  2:27  Adept (Chrono Boost)  
  29  2:32  Warp Gate  
  29  2:34  Probe (Chrono Boost)  
  31  2:40  Probe (Chrono Boost)  
  31  2:43  Probe (Chrono Boost)  
  32  2:48  Probe x2 (Chrono Boost)  
  32  2:49  Adept  
  36  2:59  Probe  
  36  3:00  Probe  
  36  3:02  Oracle (Chrono Boost)  
  41  3:10  Pylon  
  41  3:11  Probe  
  42  3:15  Probe  
  42  3:18  Adept  
  44  3:23  Probe  
  45  3:28  Probe  
  45  3:33  Oracle (Chrono Boost)  
  44  3:37  Probe  
  44  3:39  Gateway  
  44  3:40  Probe  
  49  3:49  Pylon  
  49  3:50  Probe  
  49  3:52  Probe  
  51  4:02  Nexus, Probe  
  52  4:04  Probe  
  52  4:07  Phoenix  
  55  4:14  Probe  
  55  4:15  Assimilator  
  55  4:16  Probe  
  57  4:17  Assimilator  
  57  4:25  Twilight Council  
  57  4:26  Probe, Pylon  
  57  4:28  Probe  
  59  4:33  Robotics Facility  
  59  4:38  Probe  
  60  4:40  Probe  
  61  4:46  Pylon  
  61  4:47  Sentry  
  61  4:50  Probe  
  61  4:52  Probe  
  65  4:54  Charge (Chrono Boost)  
  65  4:56  Gateway  
  65  4:57  Gateway  
  65  5:02  Probe  
  65  5:04  Probe  
  65  5:05  Gateway  
  67  5:12  Phoenix  
  69  5:14  Probe x2  
  69  5:16  Probe  
  72  5:23  Robotics Bay  
  72  5:26  Zealot, Probe x2  
  72  5:27  Zealot  
  78  5:29  Observer  
  78  5:30  Probe  
  80  5:38  Phoenix, Probe x2  
  80  5:42  Probe, Pylon  
  85  5:56  Zealot x4  
  93  6:01  Immortal (Chrono Boost), Shield Battery  
  93  6:02  Zealot  
  99  6:06  Pylon  
  99  6:07  Phoenix  
  101  6:11  Pylon  
  101  6:14  Pylon  
  101  6:24  Zealot x3, Probe  
  108  6:26  Probe (Chrono Boost)  
  108  6:30  Probe (Chrono Boost)  
  108  6:32  Phoenix  
  99  6:34  Zealot  
  99  6:36  Probe (Chrono Boost)  
  99  6:38  Probe (Chrono Boost)  
  99  6:42  Probe (Chrono Boost)  
  99  6:44  Colossus (Chrono Boost)  
  106  6:48  Probe x2 (Chrono Boost)  
  106  6:50  Probe (Chrono Boost)  
  104  7:12  Zealot x3  
  104  7:13  Zealot x2, Probe (Chrono Boost)  
  110  7:17  Assimilator  
  110  7:18  Assimilator, Probe (Chrono Boost)  
  110  7:21  Probe (Chrono Boost)  
  111  7:25  Probe (Chrono Boost), Forge  
  111  7:26  Forge  
  111  7:29  Probe (Chrono Boost)  
  114  7:30  Probe x2 (Chrono Boost)  
  114  7:34  Colossus (Chrono Boost)  
  121  7:41  Probe (Chrono Boost)  
  121  7:43  Extended Thermal Lance  
  121  7:44  Blink, Probe (Chrono Boost)  
  124  7:46  Probe (Chrono Boost)  
  124  7:51  Probe (Chrono Boost), Pylon  
  124  7:52  Protoss Ground Weapons Level 1 (Chrono Boost), Pylon  
  124  7:53  Pylon  
  125  8:09  Probe  
  125  8:10  Protoss Ground Armor Level 1 (Chrono Boost)  
  125  8:12  Pylon  
  126  8:16  Stalker x4, Sentry  
  136  8:21  Pylon  
  136  8:26  Colossus  
  142  8:30  Observer, Probe  
  142  8:31  Probe  
  143  8:34  Probe  
  142  8:44  Probe (Chrono Boost)  
  142  8:45  Zealot x5  
  142  8:46  Probe (Chrono Boost)  
  142  8:48  Pylon  
  144  8:50  Photon Cannon  
  144  8:52  Probe (Chrono Boost)  
  144  8:55  Probe (Chrono Boost)  
  138  9:00  Probe (Chrono Boost)  
  138  9:01  Nexus  
  136  9:04  Probe  
  137  9:14  Probe  
  137  9:16  Stalker  
  130  9:20  Warp Prism  
  130  9:21  Zealot  
  130  9:22  Zealot  
  136  9:28  Stalker x2  
  135  9:40  Probe x3, Pylon  
  118  9:57  Stalker x4, Sentry  
  118  9:59  Colossus (Chrono Boost)  
  128  10:20  Zealot x2, Gateway  
  132  10:22  Gateway  
  132  10:27  Gateway  
  124  10:36  Zealot x3  
  128  10:43  Zealot x2  
  128  10:49  Nexus  
  128  10:52  Templar Archives  
  128  10:57  Observer  
  128  11:02  Zealot x3  
  135  11:07  Stalker x2  
  139  11:13  Shield Battery  
  139  11:25  Stalker x4  
  139  11:26  Stalker x2  
  151  11:42  Zealot x2  
  151  11:43  Gateway  
  141  11:51  Gateway  

Tags
 
Add a new tag
Caveats
  • Supply blocks, unpowered buildings, or Contaminate may cause inaccurate times.
  • Supply counts are checked every 10 seconds.